 Dungeon Crawl Stone Soup version 0.31-a0-960-g0fca184906 (webtiles) character file.

Game seed: 4464937021559214278

6913 avis the Fighter (level 10, -4/92 (93) HPs)
             Began as a Demigod Shapeshifter on Oct 23, 2023.
             Slain by a death scarab (20 damage)
             ... in a Gauntlet.
             The game lasted 00:55:08 (10797 turns).

avis the Fighter (Demigod Shapeshifter)            Turns: 10797, Time: 00:55:09

HP:   -4/92 (93)    AC:  6    Str: 21    XL:     10   Next: 51%
MP:   4/4           EV: 16    Int: 21    God:
Gold: 620           SH:  7    Dex: 25    Spells: 9/9 levels left

rFire   . . .        w - +11 spear of Vaobb {antimagic, Int+3 SInv}
rCold   . . .        q - +0 buckler
rNeg    . . .        Q - +0 steam dragon scales
rPois   .            (helmet currently unavailable)
rElec   .            a - melded scarf {+Inv}
rCorr   .            B - melded +0 pair of gloves
SInv    +            (boots currently unavailable)
Will    +....        (no amulet)
Stlth   ++           r - +6 ring of strength
HPRegen 0.35/turn    E - +6 ring of intelligence
MPRegen 0.09/turn

%: no teleportation
@: beast-form, hasted and slowed, studying Unarmed Combat, lightly drained
A: beast (slay +4), high MP 1, forlorn, divine attributes
a: Begin Untransformation


You were in a Gauntlet.
You were a hulking beast.
You visited 2 branches of the dungeon, and saw 10 of its levels.
You also visited: Gauntlet.

You collected 620 gold pieces.

Inventory:

Hand Weapons
 c - a +0 sling
 f - a +4 spear of venom
 w - the +11 spear of Vaobb (weapon) {antimagic, Int+3 SInv}
   (You found it on level 3 of the Dungeon)

   Int+3:     It affects your intelligence (+3).
   SInv:      It lets you see invisible.
 C - a +4 trident of draining
 K - a +0 orcbow
 O - a +3 glaive of flaming
Missiles
 g - 6 javelins
 o - 23 poisoned darts
 G - a throwing net
Armour
 a - a scarf of invisibility (melded)
 j - a +2 scale mail of cold resistance
 q - a +0 buckler (worn)
 u - a +1 cloak of willpower
 B - a +0 pair of gloves (melded)
 D - an orb of energy
 Q - +0 steam dragon scales (worn)
Jewellery
 k - a +6 ring of dexterity
 r - a +6 ring of strength (left hand)
 E - a +6 ring of intelligence (right hand)
 J - a ring of protection from cold
Talismans
 b - a beast talisman (active)
 m - a flux talisman
Wands
 s - a wand of flame (30)
 A - a wand of polymorph (3)
 F - a wand of charming (15)
 R - a wand of mindburst (19)
Scrolls
 d - a scroll of amnesia {unknown}
 e - a scroll of vulnerability {unknown}
 h - 2 scrolls of noise
 i - a scroll of blinking {unknown}
 p - 2 scrolls of revelation {unknown}
 t - 2 scrolls of silence
 x - a scroll of summoning {unknown}
 H - 2 scrolls of enchant armour
 L - 2 scrolls of immolation
 M - a scroll of fog
 N - a scroll of teleportation
 S - a scroll of torment {unknown}
Potions
 l - 2 potions of enlightenment
 n - 2 potions of haste
 v - a potion of attraction {unknown}
 y - a potion of lignification
 z - 2 potions of mutation {unknown}
 I - a potion of ambrosia {unknown}


   Skills:
 * Level 10.2 Fighting
 - Level 5.0 Armour
 - Level 5.0 Dodging
 - Level 5.0 Shields
 - Level 4.0 Unarmed Combat
 - Level 7.0 Shapeshifting


You had 9 spell levels left.
You didn't know any spells.
Your spell library contained the following spells:

 Spells                   Type           Power      Damage    Failure   Level
 Gell's Gravitas          Tloc           0%         N/A       54%         3
 Inner Flame              Hex/Fire       0%         N/A       54%         3
 Teleport Other           Tloc           0%         N/A       54%         3
 Flame Wave               Conj/Fire      0%         2d4       91%         4
 Sticky Flame             Conj/Fire      0%         2d3       91%         4
 Conjure Ball Lightning   Conj/Air       0%         3x3d6     100%        6
 Dispersal                Tloc           0%         N/A       100%        6
 Discord                  Hex            0%         N/A       100%        8
 Disjunction              Tloc           0%         N/A       100%        8


Dungeon Overview and Level Annotations

Branches:
Dungeon (8/15)             Temple (1/1) D:7         Gauntlet (1/1)
   Lair: D:8-11

Shops:
D:2 *   D:5 :

Annotations:
Gauntlet 5 transporters


Innate Abilities, Weirdness & Mutations

You are a hulking beast.
Your limbs bulge with bestial killing power. (Slay +4)
You have an increased reservoir of magic. (+10% MP)
You shall have no god before yourself.
Your divine heritage dramatically boosts your attributes as you level up.


Message History

You start resting.
HP restored.
You enter the transporter and appear at another place.
The death scarab's many legs skitter faintly.
There is a transporter here.
Press: ? - help, v - describe, . - travel
Here: a death scarab (fire blocked by a translucent stone wall)
The floor.
Press: ? - help, v - describe, . - travel A dispersal trap.
You feel yourself speed up.
You enter the transporter and appear at another place.
The death scarab bites you but does no damage.
The death scarab bites you!! The death scarab drains your vigour!
You feel yourself slow down.
The death scarab draws strength from your injuries!
The spectral dream sheep closely misses you.
You impale the death scarab!!
The death scarab is heavily damaged.
The death scarab bites you!!
The death scarab draws strength from your injuries!
The death scarab bites you!!
* * * LOW HITPOINT WARNING * * *
The death scarab draws strength from your injuries!
The spectral dream sheep bites you.
* * * LOW HITPOINT WARNING * * *
You feel drained.
* * * LOW HITPOINT WARNING * * *
You block the death scarab's attack. You block the death scarab's attack.
The death scarab closely misses you.
The death scarab attacks as it pursues you!
The death scarab misses you. The death scarab bites you!
* * * LOW HITPOINT WARNING * * *
The death scarab drains your vigour!
You feel as though you will be slow longer.
The death scarab draws strength from your injuries!
The death scarab closely misses you. The death scarab bites you!!
You die...

###...8.#...#.8.≈8≈.8.#
#.....#.©.#....≈....#
###..###########...####
#8#..#.##^###..#...##..
###..#.^..##.###...#.#.
#####..#!##^.©.###...#..#
#§8≈#..#.#^.^#...#...#...
##§..#..#©B^.##.###...#©..
...8.#..#h##....###...#...
##...#..#.##.#^^..#...#..#
##.8.#..#..Z.##.###...#.#.
.....#..#.##...^###...##..
##...#..###########§§.####
##.©.#≈............§§§....
.....#∩............≈8§....
##.©.#§§............≈.....
##...#§§###########...####


You could see a spectral dream sheep and a death scarab.

Vanquished Creatures
  2 two-headed ogres (D:8)
  A moth of wrath (Gauntlet)
  Maurice (D:8)
  Jeremiah (D:8)
  Prince Ribbit (D:8)
  Sigmund (D:2)
  3 shadows (Gauntlet)
  3 steam dragons
  4 small abominations (Gauntlet)
  A water moccasin (D:5)
  3 ice beasts
  A sky beast (D:6)
  A black bear (D:3)
  An ogre (D:6)
  3 wolves (Gauntlet)
  4 centaurs
  A phantom (D:5)
  5 bullfrogs
  A kobold brigand (D:6)
  3 gnoll sergeants
  3 scorpions
  5 wights
  6 killer bees (D:7)
  A howler monkey (D:6)
  3 jellies
  A gnoll bouda (D:3)
  Crazy Yiuf (D:2)
  2 sleepcaps (D:6)
  An orc wizard (D:3)
  2 iguanas (D:6)
  18 gnolls
  7 adders
  A white imp (D:7)
  4 ufetubi
  4 worms
  A dart slug (D:2)
  4 orcs
  3 bats
  6 endoplasms
  2 giant cockroaches
  8 goblins
  12 hobgoblins
  3 jackals (D:2)
  12 kobolds
  6 quokkas
  11 ball pythons
  10 frilled lizards
  3 rats
181 creatures vanquished.

Notes
Turn   | Place    | Note
-------+----------+-------------------------------------------
     0 | D:1      | avis the Demigod Shapeshifter began the quest for the Orb.
     0 | D:1      | Reached XP level 1. HP: 15/15 MP: 3/3
    25 | D:1      | Reached skill level 1 in Fighting
   194 | D:1      | Reached XP level 2. HP: 18/23 MP: 4/4
  1142 | D:2      | Reached XP level 3. HP: 4/28 MP: 5/5
  1226 | D:2      | Reached skill level 2 in Fighting
  1430 | D:2      | Found Zatsieb's General Store.
  1647 | D:2      | Reached XP level 4. HP: 36/37 MP: 6/6
  1782 | D:2      | Noticed Sigmund
  1837 | D:2      | Killed Sigmund
  1838 | D:2      | Reached skill level 3 in Fighting
  1838 | D:2      | Reached XP level 5. HP: 45/45 MP: 7/7
  2188 | D:2      | Found a runed translucent door.
  2189 | D:2      | Noticed Crazy Yiuf
  2196 | D:2      | Killed Crazy Yiuf
  2591 | D:3      | Noticed a black bear
  2608 | D:3      | Killed a black bear
  2609 | D:3      | Reached skill level 5 in Shapeshifting
  2609 | D:3      | Reached XP level 6. HP: 29/51 MP: 8/8
  2963 | D:3      | Identified the +11 spear of Vaobb {antimagic, Int+3 SInv}
  3385 | D:3      | Reached skill level 4 in Fighting
  3385 | D:3      | Reached skill level 1 in Armour
  3592 | D:4      | Reached skill level 1 in Shields
  4012 | D:4      | Reached XP level 7. HP: 36/59 MP: 3/9
  4428 | D:5      | Entered Level 5 of the Dungeon
  4782 | D:5      | Found Cidesh's Book Shoppe.
  5298 | D:5      | Reached XP level 8. HP: 67/67 MP: 3/10
  5443 | D:6      | Reached skill level 5 in Fighting
  5969 | D:6      | Reached skill level 6 in Fighting
  7299 | D:6      | Reached XP level 9. HP: 19/78 MP: 3/11
  7499 | D:6      | Reached skill level 7 in Fighting
  7961 | D:7      | Reached skill level 8 in Fighting
  8093 | D:7      | Found a staircase to the Ecumenical Temple.
  8480 | Temple   | Entered the Ecumenical Temple
  8536 | D:8      | Identified the "Jiovosch"
  8788 | D:8      | Noticed Maurice
  8790 | D:8      | Maurice stole a flux talisman
  8791 | D:8      | Maurice stole 6 javelins
  8794 | D:8      | HP: 2/81 [poisoned by a gnoll sergeant]
  8797 | D:8      | Killed Maurice
  9585 | D:8      | Noticed Prince Ribbit
  9587 | D:8      | Noticed a two-headed ogre
  9588 | D:8      | Killed Prince Ribbit
  9597 | D:8      | Killed a two-headed ogre
  9598 | D:8      | Reached skill level 9 in Fighting
  9598 | D:8      | Reached XP level 10. HP: 79/91 MP: 4/13
  9646 | D:8      | Noticed a two-headed ogre
  9654 | D:8      | Killed a two-headed ogre
  9655 | D:8      | Reached skill level 5 in Armour
  9655 | D:8      | Reached skill level 5 in Dodging
  9903 | D:8      | Noticed Jeremiah
  9927 | D:8      | Killed Jeremiah
 10157 | D:8      | You fall into a shaft and drop 3 floors!
 10167 | D:11     | Found a gate leading to a gauntlet.
 10174 | Gauntlet | Entered a Gauntlet
 10174 | Gauntlet | Noticed a moth of wrath
 10174 | Gauntlet | Found a transporter.
 10174 | Gauntlet | Found a transporter.
 10183 | Gauntlet | Found a transporter.
 10190 | Gauntlet | Found a transporter.
 10197 | Gauntlet | Found a transporter.
 10212 | Gauntlet | Found a transporter.
 10226 | Gauntlet | Found a transporter.
 10241 | Gauntlet | Found a transporter.
 10245 | Gauntlet | Noticed a death scarab
 10249 | Gauntlet | Found a transporter.
 10263 | Gauntlet | Noticed a sixfirhy
 10264 | Gauntlet | Noticed a sixfirhy
 10265 | Gauntlet | Noticed a sixfirhy
 10274 | Gauntlet | Noticed a death drake
 10320 | Gauntlet | Found a transporter.
 10320 | Gauntlet | Found a transporter.
 10322 | Gauntlet | Noticed a sixfirhy
 10375 | Gauntlet | Found a transporter.
 10446 | Gauntlet | Killed a moth of wrath
 10447 | Gauntlet | Reached skill level 5 in Shields
 10718 | Gauntlet | Reached skill level 10 in Fighting
 10797 | Gauntlet | Slain by a death scarab

Illustrated notes

Levels and vault maps discovered:
D:1:      lemuel_arrival_hallway, layout_rooms, minmay_tetromino_i2
D:2:      layout_loops_corners, basic_altar, serial_shops, nicolae_shop_crystal,
          uniq_crazy_yiuf_cottage, uniq_sigmund
D:3:      layout_basic, nicolae_grassy_gnolls
D:4:      layout_cave_pods, minmay_manual_mares
D:5:      layout_cave_pools, serial_shops, nicolae_book_shop_shelving,
          roderic_serpentine_path, grunt_ministairs_14
D:6:      layout_gridville
D:7:      layout_cave_pools, temple_pool_b
D:8:      layout_gridville, uniq_prince_ribbit1, uniq_maurice, uniq_jeremiah
D:11:     layout_basic, gauntlet_entry_generic
Temple:   mainiacjoe_temple_big_plus
Gauntlet: gammafunk_gauntlet_shortcut [nicolae_gauntlet_arena_blocks,
          gammafunk_gauntlet_arena_arrow_garden, nicolae_gauntlet_arena_x,
          nicolae_gauntlet_arena_t_cross, nicolae_gauntlet_arena_grate_2,
          gammafunk_gauntlet_arena_crates, gauntlet_exit_green]

Skill      XL: |  1  2  3  4  5  6  7  8  9 10 |
---------------+-------------------------------+-----
Fighting       | 1 2 3 4 6 9 10 | 10.2
Dodging        | 2 3 4 5 |  5.0
Shapeshifting  | 3 4 5 7 |  7.0
Unarmed Combat | 3 4 |  4.0
Armour         | 1 3 4 5 |  5.0
Shields        | 1 3 4 5 |  5.0

Action                     |  1- 3 |  4- 6 |  7- 9 | 10-12 || total
---------------------------+-------+-------+-------+-------++-------
  Melee: Unarmed           |   152 |    67 |       |       ||   219
         Spear             |       |    46 |   247 |    82 ||   375
   Fire: Sling             |       |    12 |       |       ||    12
  Evoke: Wand              |       |       |       |     2 ||     2
    Use: Potion            |     2 |     4 |     3 |     1 ||    10
         Scroll            |       |       |       |     6 ||     6
   Stab: Sleeping          |     1 |       |     2 |       ||     3
         Distracted        |       |     1 |     1 |       ||     2
 Armour: Animal skin       |    26 |       |       |       ||    26
         Leather armour    |    32 |     9 |       |       ||    41
         Skin              |       |     7 |       |       ||     7
         Ring mail         |       |    49 |   114 |       ||   163
         Steam dragon scal |       |       |    48 |    42 ||    90
  Dodge: Dodged            |    60 |    39 |   137 |    50 ||   286
  Block: Buckler           |    11 |    20 |    67 |    33 ||   131
   Form: Beast             |       |       |     2 |       ||     2
         Flux              |       |       |     1 |       ||     1
                           |       |       |     1 |       ||     1

Table legend: (Time is in decaauts)
 A = Elapsed time spent in this place.
 B = Non-inter-level travel time spent in this place.
 C = Inter-level travel time spent in this place.
 D = Time resting spent in this place.
 E = Time spent auto-exploring this place.
 F = Levels seen in this place.
 G = Mean time per level.
                   A        B        C        D        E       F      G
               +--------+--------+--------+--------+--------+-----+--------+
         Total |  10858 |  10052 |    806 |   3629 |   3912 |  11 |  987.1 |
       Dungeon |  10184 |   9378 |    806 |   3397 |   3912 |   9 | 1131.6 |
        Temple |     31 |     31 |      0 |      0 |      0 |   1 |   31.0 |
      Gauntlet |    641 |    641 |      0 |    232 |      0 |   1 |  641.0 |
               +--------+--------+--------+--------+--------+-----+--------+

Top non-repeatable levels by time:
     D:6: 1941 daAuts
     D:2: 1501 daAuts
     D:8: 1293 daAuts
     D:7: 1237 daAuts
     D:4: 1185 daAuts
     D:5: 1098 daAuts
     D:3: 1001 daAuts
     D:1: 908 daAuts
Gauntlet: 641 daAuts
  Temple: 31 daAuts
    D:11: 16 daAuts
